TOP OF THE 1ST |
Oregon State Beavers batting - Pitching for Michigan Wolverines : RHP Jean-François Wong
|
Pitching: RHP Jean-François Wong
|
|
Batting: LHB Drew Morris
|
0-0: Ball 1-0: Ball 2-0: Ball 3-0: Base on Balls
|
Batting: RHB Ed Edmonds
|
0-0: SINGLE (Line Drive, 9S) Drew Morris to second Runner from 2nd tries for 3rd, SAFE, no throw
|
Batting: RHB Michael Kissinger
|
0-0: SINGLE (Flyball, 7S) Drew Morris scores Ed Edmonds to second
|
Batting: RHB Julius Sears
|
0-0: Called Strike 0-1: Ball Ed Edmonds is caught stealing 3rd base 1-1: Ball 2-1: Foul Ball, location: 2F 2-2: Ball Passed Ball! Michael Kissinger to second 3-2: Strikes out swinging
|
Batting: LHB Guillermo Peña
|
0-0: Ball 1-0: Swinging Strike 1-1: Ball 2-1: Foul Ball, location: 2F 2-2: Strikes out swinging
|
Top of the 1st over - 1 run, 2 hits, 0 errors, 1 left on base; Oregon State 1 - Michigan 0 |
BOTTOM OF THE 1ST |
Michigan Wolverines batting - Pitching for Oregon State Beavers : RHP Palmer Sims
|
Pitching: RHP Palmer Sims
|
|
Batting: RHB Roberto López
|
0-0: Called Strike 0-1: Foul Ball, location: 2F 0-2: Ball 1-2: Strikes out swinging
|
Batting: LHB Mark Wilson
|
0-0: Ball 1-0: Swinging Strike 1-1: Swinging Strike 1-2: Strikes out looking
|
Batting: LHB Dustin Jones
|
0-0: TRIPLE (Line Drive, 78XD)
|
Batting: LHB Ken Miller
|
0-0: Called Strike 0-1: Swinging Strike 0-2: Fly out, F7 (Flyball, 7)
|
Bottom of the 1st over - 0 runs, 1 hit, 0 errors, 1 left on base; Oregon State 1 - Michigan 0 |
TOP OF THE 2ND |
Oregon State Beavers batting - Pitching for Michigan Wolverines : RHP Jean-François Wong
|
Batting: LHB Fernando García
|
0-0: Foul Ball, location: 2F 0-1: Bunted foul 0-2: Ball 1-2: Ball 2-2: Ball 3-2: Base on Balls
|
Batting: RHB Bert Smith
|
0-0: Called Strike 0-1: Foul Ball, location: 2F 0-2: Ground out 3-1 (Groundball, 34) Fernando García to second
|
Batting: LHB Dave Olsen
|
0-0: Ball Wild Pitch! Fernando García to third 1-0: Ball 2-0: Ball 3-0: Called Strike 3-1: Base on Balls
|
Batting: RHB Ray Picot
|
0-0: Swinging Strike 0-1: Ball 1-1: Ball 2-1: Ball Dave Olsen steals 2nd base 3-1: Base on Balls
|
Batting: LHB Drew Morris
|
0-0: Ball 1-0: Ball 2-0: Called Strike 2-1: Ball 3-1: Ground out 6-3 (Groundball, 6S) Fernando García scores Dave Olsen to third Ray Picot to second
|
Batting: RHB Ed Edmonds
|
0-0: Foul Ball, location: 2F 0-1: Ball 1-1: Fly out, F4 (Line Drive, 4)
|
Top of the 2nd over - 1 run, 0 hits, 0 errors, 2 left on base; Oregon State 2 - Michigan 0 |
BOTTOM OF THE 2ND |
Michigan Wolverines batting - Pitching for Oregon State Beavers : RHP Palmer Sims
|
Batting: RHB Bob Caldwell
|
0-0: Called Strike 0-1: Foul Ball, location: 2F 0-2: Ball 1-2: Ground out 1-3 (Groundball, 15)
|
Batting: RHB Mike Clyne
|
0-0: Ball 1-0: Fly out, F8 (Flyball, 8RD)
|
Batting: RHB David Morgan
|
0-0: Ball 1-0: Ball 2-0: Ball 3-0: Called Strike 3-1: Hit by Pitch
|
Batting: RHB George Bishop
|
0-0: Called Strike 0-1: Ball 1-1: Ball 2-1: Ball Wild Pitch! David Morgan to second 3-1: SINGLE (Flyball, 78S) David Morgan to third Runner from 3rd tries for Home, SAFE, no throw
|
Batting: RHB Miguel Vega
|
0-0: Ball 1-0: Ball 2-0: SINGLE (Line Drive, 4M) George Bishop to second
|
Batting: RHB Roberto López
|
0-0: Fly out, F3 (Popup, 3SF)
|
Bottom of the 2nd over - 1 run, 2 hits, 0 errors, 2 left on base; Oregon State 2 - Michigan 1 |
TOP OF THE 3RD |
Oregon State Beavers batting - Pitching for Michigan Wolverines : RHP Jean-François Wong
|
Batting: RHB Michael Kissinger
|
0-0: Ball 1-0: Foul Ball, location: 2F 1-1: Swinging Strike 1-2: Foul Ball, location: 2F 1-2: Strikes out swinging
|
Batting: RHB Julius Sears
|
0-0: SOLO HOME RUN (Flyball, 7LD), Distance : 339 ft
|
Batting: LHB Guillermo Peña
|
0-0: Ball 1-0: Called Strike 1-1: Ball 2-1: Ball 3-1: Base on Balls
|
Batting: LHB Fernando García
|
0-0: Ball 1-0: Fly out, F4 (Popup, 4S)
|
Batting: RHB Bert Smith
|
0-0: Called Strike 0-1: Ball 1-1: Swinging Strike 1-2: Foul Ball, location: 2F 1-2: Ball 2-2: SINGLE (Line Drive, 8RS) Guillermo Peña to second Runner from 2nd tries for 3rd, SAFE, no throw
|
Batting: LHB Dave Olsen
|
0-0: Called Strike 0-1: Called Strike 0-2: Strikes out looking
|
Top of the 3rd over - 1 run, 2 hits, 0 errors, 2 left on base; Oregon State 3 - Michigan 1 |
BOTTOM OF THE 3RD |
Michigan Wolverines batting - Pitching for Oregon State Beavers : RHP Palmer Sims
|
Batting: LHB Mark Wilson
|
0-0: Swinging Strike 0-1: Called Strike 0-2: Strikes out swinging
|
Batting: LHB Dustin Jones
|
0-0: Called Strike 0-1: Called Strike 0-2: Strikes out looking
|
Batting: LHB Ken Miller
|
0-0: Called Strike 0-1: Ball 1-1: Ball 2-1: Ground out U3 (Groundball, 3)
|
Bottom of the 3rd over - 0 runs, 0 hits, 0 errors, 0 left on base; Oregon State 3 - Michigan 1 |
TOP OF THE 4TH |
Oregon State Beavers batting - Pitching for Michigan Wolverines : RHP Jean-François Wong
|
Batting: RHB Ray Picot
|
0-0: Foul Ball, location: 2F 0-1: Foul Ball, location: 2F 0-2: Fly out, F9 (Flyball, 9S)
|
Batting: LHB Drew Morris
|
0-0: Swinging Strike 0-1: Ball 1-1: Called Strike 1-2: SINGLE (Groundball, 34D)
|
Batting: RHB Ed Edmonds
|
0-0: Ball 1-0: Called Strike 1-1: Fly out, F9 (Flyball, 9D)
|
Batting: RHB Michael Kissinger
|
0-0: Called Strike 0-1: Ball 1-1: Ball 2-1: Foul Ball, location: 2F 2-2: Strikes out looking
|
Top of the 4th over - 0 runs, 1 hit, 0 errors, 1 left on base; Oregon State 3 - Michigan 1 |
BOTTOM OF THE 4TH |
Michigan Wolverines batting - Pitching for Oregon State Beavers : RHP Palmer Sims
|
Batting: RHB Bob Caldwell
|
0-0: Ball 1-0: Foul Ball, location: 2F 1-1: Fly out, F9 (Flyball, 9)
|
Batting: RHB Mike Clyne
|
0-0: Ball 1-0: Ball 2-0: Called Strike 2-1: Called Strike 2-2: Foul Ball, location: 2F 2-2: Ground out 4-3 (Groundball, 4M)
|
Batting: RHB David Morgan
|
0-0: SINGLE (Flyball, 89M)
|
Batting: RHB George Bishop
|
0-0: Ball 1-0: Ball 2-0: Ball 3-0: Called Strike 3-1: Foul Ball, location: 2F 3-2: Base on Balls David Morgan to second
|
Batting: RHB Miguel Vega
|
0-0: Ball 1-0: Ball 2-0: SINGLE (Line Drive, 7S) David Morgan to third George Bishop to second Runner from 3rd tries for Home, SAFE, no throw
|
Batting: RHB Roberto López
|
0-0: Ball 1-0: Swinging Strike 1-1: Fly out, F8 (Flyball, 8LD)
|
Bottom of the 4th over - 1 run, 2 hits, 0 errors, 2 left on base; Oregon State 3 - Michigan 2 |
TOP OF THE 5TH |
Oregon State Beavers batting - Pitching for Michigan Wolverines : RHP Jean-François Wong
|
Pitching: RHP Brian Barrett
|
|
Batting: RHB Julius Sears
|
0-0: Ball 1-0: Called Strike 1-1: Ball 2-1: Foul Ball, location: 2F 2-2: Ball 3-2: Strikes out swinging
|
Batting: LHB Guillermo Peña
|
0-0: Ball 1-0: Ball 2-0: SOLO HOME RUN (Flyball, 9D), Distance : 358 ft
|
Batting: LHB Fernando García
|
0-0: Ball 1-0: Ball 2-0: Swinging Strike 2-1: Ball 3-1: Ground out 4-3 (Groundball, 4M)
|
Batting: RHB Bert Smith
|
0-0: Foul Ball, location: 2F 0-1: Called Strike 0-2: Strikes out looking
|
Top of the 5th over - 1 run, 1 hit, 0 errors, 0 left on base; Oregon State 4 - Michigan 2 |
BOTTOM OF THE 5TH |
Michigan Wolverines batting - Pitching for Oregon State Beavers : RHP Palmer Sims
|
Batting: LHB Mark Wilson
|
0-0: Swinging Strike 0-1: Fly out, F7 (Flyball, 7S)
|
Batting: LHB Dustin Jones
|
0-0: Ball 1-0: Called Strike 1-1: Ground out 1-3 (Groundball, 15S)
|
Batting: LHB Ken Miller
|
0-0: Ball 1-0: Fly out, F9 (Flyball, 9LS)
|
Bottom of the 5th over - 0 runs, 0 hits, 0 errors, 0 left on base; Oregon State 4 - Michigan 2 |
TOP OF THE 6TH |
Oregon State Beavers batting - Pitching for Michigan Wolverines : RHP Brian Barrett
|
Batting: LHB Dave Olsen
|
0-0: Ground out 6-3 (Groundball, 56)
|
Batting: RHB Ray Picot
|
0-0: Called Strike 0-1: Ball 1-1: Foul Ball, location: 2F 1-2: Strikes out swinging
|
Batting: LHB Drew Morris
|
0-0: Ball 1-0: Ball 2-0: Called Strike 2-1: Ball 3-1: Base on Balls
|
Batting: RHB Ed Edmonds
|
0-0: Foul Ball, location: 2F 0-1: Fielders Choice at 2nd, 6-4 (Groundball, 6)
|
Top of the 6th over - 0 runs, 0 hits, 0 errors, 1 left on base; Oregon State 4 - Michigan 2 |
BOTTOM OF THE 6TH |
Michigan Wolverines batting - Pitching for Oregon State Beavers : RHP Palmer Sims
|
Batting: RHB Bob Caldwell
|
0-0: Called Strike 0-1: Foul Ball, location: 2F 0-2: Foul Ball, location: 2F 0-2: Ball 1-2: Ball 2-2: Foul Ball, location: 2F 2-2: Foul Ball, location: 2F 2-2: Fly out, F8 (Flyball, 8LM)
|
Batting: RHB Mike Clyne
|
0-0: Ball 1-0: Ball 2-0: Called Strike 2-1: Ball 3-1: Base on Balls
|
Pitching: LHP Carroll O'Donovan
|
|
Batting: RHB David Morgan
|
0-0: Fly out, F9 (Flyball, 89D)
|
Batting: RHB George Bishop
|
0-0: Foul Ball, location: 2F 0-1: Ball 1-1: Ball 2-1: Fly out, F9 (Flyball, 89S)
|
Bottom of the 6th over - 0 runs, 0 hits, 0 errors, 1 left on base; Oregon State 4 - Michigan 2 |
TOP OF THE 7TH |
Oregon State Beavers batting - Pitching for Michigan Wolverines : RHP Brian Barrett
|
Batting: RHB Michael Kissinger
|
0-0: Ball 1-0: Ball 2-0: Ball 3-0: Base on Balls
|
Batting: RHB Julius Sears
|
0-0: DOUBLE (Line Drive, 7LM) Michael Kissinger to third
|
Batting: LHB Guillermo Peña
|
0-0: Called Strike 0-1: Swinging Strike 0-2: Foul Ball, location: 2F 0-2: Ball 1-2: Fly out, F5 (Popup, 56S)
|
Batting: LHB Fernando García
|
0-0: Intentional Walk
|
Batting: RHB Bert Smith
|
0-0: Ball 1-0: Fly out, F8 (Flyball, 8RD) Runner from 3rd tags up, SCORES, throw made
|
Pitching: LHP Stanley Matthews
|
|
Batting: LHB Dave Olsen
|
0-0: Called Strike 0-1: Called Strike 0-2: Ball 1-2: SINGLE (Line Drive, 6MD) Julius Sears to third Fernando García to second Runner from 3rd tries for Home, SAFE, no throw
|
Batting: RHB Ray Picot
|
0-0: Ball 1-0: Foul Ball, location: 2F 1-1: Swinging Strike 1-2: Foul Ball, location: 2F 1-2: Foul Ball, location: 2F 1-2: Strikes out swinging
|
Top of the 7th over - 2 runs, 2 hits, 0 errors, 2 left on base; Oregon State 6 - Michigan 2 |
BOTTOM OF THE 7TH |
Michigan Wolverines batting - Pitching for Oregon State Beavers : LHP Carroll O'Donovan
|
Batting: RHB Miguel Vega
|
0-0: Ball 1-0: Fly out, F7 (Line Drive, 78S)
|
Batting: RHB Roberto López
|
0-0: Ball 1-0: Ball 2-0: Called Strike 2-1: Ball 3-1: Called Strike 3-2: Ground out 4-3 (Groundball, 4)
|
Batting: LHB Mark Wilson
|
0-0: Foul Ball, location: 2F 0-1: Foul Ball, location: 2F 0-2: Ball 1-2: Foul Ball, location: 2F 1-2: Ball 2-2: Ground out 6-3 (Groundball, 6)
|
Bottom of the 7th over - 0 runs, 0 hits, 0 errors, 0 left on base; Oregon State 6 - Michigan 2 |
TOP OF THE 8TH |
Oregon State Beavers batting - Pitching for Michigan Wolverines : LHP Stanley Matthews
|
Batting: LHB Drew Morris
|
0-0: Ball 1-0: Swinging Strike 1-1: Fly out, F6 (Line Drive, 6M)
|
Batting: RHB Ed Edmonds
|
0-0: SINGLE (Flyball, 9LS)
|
Batting: RHB Michael Kissinger
|
0-0: Ball Ed Edmonds steals 2nd base 1-0: Intentional Walk
|
Batting: RHB Julius Sears
|
0-0: Called Strike 0-1: Called Strike 0-2: Strikes out swinging
|
Batting: LHB Guillermo Peña
|
0-0: Ball 1-0: Swinging Strike 1-1: Ball Ed Edmonds steals 3rd base 2-1: Swinging Strike 2-2: Strikes out looking
|
Top of the 8th over - 0 runs, 1 hit, 0 errors, 2 left on base; Oregon State 6 - Michigan 2 |
BOTTOM OF THE 8TH |
Michigan Wolverines batting - Pitching for Oregon State Beavers : LHP Carroll O'Donovan
|
Batting: LHB Dustin Jones
|
0-0: Called Strike 0-1: Ball 1-1: Ball 2-1: Ball 3-1: Base on Balls
|
Batting: LHB Ken Miller
|
0-0: Called Strike 0-1: Foul Ball, location: 2F 0-2: Foul Ball, location: 2F 0-2: Ball 1-2: SINGLE (Groundball, 4D) Dustin Jones to second Runner from 2nd tries for 3rd, SAFE, no throw
|
Pitching: RHP Mario Benoit
|
|
Batting: RHB Bob Caldwell
|
0-0: Fly out, F6 (Line Drive, 6)
|
Batting: RHB Mike Clyne
|
0-0: Called Strike 0-1: Foul Ball, location: 2F 0-2: Ball 1-2: Strikes out swinging
|
Batting: RHB David Morgan
|
0-0: Foul Ball, location: 2F 0-1: Fly out, F7 (Line Drive, 7)
|
Bottom of the 8th over - 0 runs, 1 hit, 0 errors, 2 left on base; Oregon State 6 - Michigan 2 |
TOP OF THE 9TH |
Oregon State Beavers batting - Pitching for Michigan Wolverines : LHP Stanley Matthews
|
Batting: LHB Fernando García
|
0-0: Ball 1-0: Swinging Strike 1-1: Fly out, F7 (Flyball, 7LS)
|
Batting: RHB Bert Smith
|
0-0: Ball 1-0: Ball 2-0: Foul Ball, location: 2F 2-1: Called Strike 2-2: Ball 3-2: Foul Ball, location: 2F 3-2: Strikes out swinging
|
Batting: LHB Dave Olsen
|
0-0: Ball 1-0: Fly out, F8 (Flyball, 89D)
|
Top of the 9th over - 0 runs, 0 hits, 0 errors, 0 left on base; Oregon State 6 - Michigan 2 |
BOTTOM OF THE 9TH |
Michigan Wolverines batting - Pitching for Oregon State Beavers : RHP Mario Benoit
|
Batting: RHB George Bishop
|
0-0: Ball 1-0: Called Strike 1-1: Fly out, F9 (Flyball, 9S)
|
Batting: RHB Miguel Vega
|
0-0: Called Strike 0-1: Foul Ball, location: 2F 0-2: Ball 1-2: Strikes out swinging
|
Batting: RHB Roberto López
|
0-0: Ball 1-0: Foul Ball, location: 2F 1-1: SOLO HOME RUN (Flyball, 8LXD), Distance : 386 ft
|
Batting: LHB Mark Wilson
|
0-0: Ball 1-0: Foul Ball, location: 2F 1-1: SOLO HOME RUN (Flyball, 9LD), Distance : 339 ft
|
Batting: LHB Dustin Jones
|
0-0: Ball 1-0: Swinging Strike 1-1: SINGLE (Flyball, 9LS)
|
Batting: LHB Ken Miller
|
0-0: Called Strike 0-1: Ball 1-1: Ball 2-1: Ball 3-1: Foul Ball, location: 2F 3-2: SINGLE (Groundball, 34D) Dustin Jones to second Dustin Jones to third
|
Batting: RHB Bob Caldwell
|
0-0: Ball 1-0: Foul Ball, location: 2F 1-1: Swinging Strike 1-2: Strikes out swinging
|
Bottom of the 9th over - 2 runs, 4 hits, 0 errors, 2 left on base; Oregon State 6 - Michigan 4 |
|